 Dungeon Crawl Stone Soup version 0.26.1-11-gd32895ea62 (webtiles) character file.

Game seed: 1195751385081747752

4302 bnorton916 the Fighter (level 10, -2/85 HPs)
             Began as a Formicid Fighter on June 22, 2021.
             Was an Initiate of Gozag.
             Slain by Pikel
             ... wielding a +1 whip of electrocution
              (11 damage)
             ... on level 7 of the Dungeon.
             The game lasted 00:24:52 (11816 turns).

bnorton916 the Fighter (Formicid Fighter)          Turns: 11816, Time: 00:25:01

Health: -2/85      AC: 14    Str: 30    XL:     10   Next: 58%
Magic:  10/10      EV: 10    Int:  8    God:    Gozag
Gold:   1443       SH:  5    Dex: 10    Spells: 9/9 levels left

rFire    . . .     SeeInvis +   P - +4 battleaxe
rCold    . . .     Faith    .   n - +0 buckler
rNeg     . . .     Spirit   .   b - +0 scale mail
rPois    .         Reflect  .   (helmet unavailable)
rElec    .         Harm     .   k - +2 cloak
rCorr    .         Rampage  .   t - +1 pair of gloves
Will     ++...                  (no boots)
Stlth    ..........             C - amulet of magic regeneration
HPRegen  0.24/turn              y - ring of willpower
MPRegen  0.37/turn              h - +6 ring of strength

@: studying 2 skills
A: permanent stasis, dig shafts and tunnels, four strong arms, antennae 3
a: Dig, Shaft Self, Renounce Religion, Potion Petition, Call Merchant, Bribe
Branch


You were on level 7 of the Dungeon.
You worshipped Gozag.
Gozag was most pleased with you.
You visited 2 branches of the dungeon, and saw 9 of its levels.
You also visited: Bailey.

You collected 1491 gold pieces.
You paid 48 gold pieces to Gozag.

Inventory:

Hand Weapons
 a - a +1 war axe
 s - a +0 spear of flaming
 z - a +2 battleaxe
 K - a +5 trident
 P - a +4 battleaxe (weapon)
Missiles
 L - 20 javelins (quivered)
Armour
 b - a +0 scale mail (worn)
 c - a +0 kite shield
 k - a +2 cloak (worn)
 n - a +0 buckler (worn)
 t - a +1 pair of gloves (worn)
Jewellery
 e - an uncursed ring of ice
 h - a +6 ring of strength (right hand)
 p - an uncursed ring of protection from cold
 u - an uncursed ring of protection from cold
 y - a ring of willpower (left hand)
 C - an amulet of magic regeneration (around neck)
Wands
 m - a wand of polymorph (1)
 F - a wand of flame (9)
 J - a wand of iceblast (1)
Scrolls
 i - 2 scrolls of enchant weapon
 j - 2 scrolls of enchant armour
 v - a scroll of magic mapping
 A - a scroll of remove curse
 D - a scroll of fog
 E - 2 scrolls of identify
 G - a scroll of holy word {unknown}
 H - a scroll of brand weapon {unknown}
 Q - a scroll of fear
Potions
 d - 5 potions of might
 f - 3 potions of berserk rage
 g - 3 potions of degeneration {unknown}
 l - 2 potions of heal wounds
 o - 3 potions of attraction
 q - a potion of curing
 r - 2 potions of brilliance
 w - a potion of mutation {unknown}
 x - a potion of invisibility {unknown}
 B - 2 potions of magic
 I - 2 potions of lignification {unknown}
 M - a potion of experience {unknown}
 R - a potion of haste {unknown}
Books
 N - a manual of Shields
 O - a manual of Fighting


   Skills:
 + Level 10.0 Fighting
 + Level 8.6 Axes
 - Level 9.6 Armour
 + Level 5.2 Shields


You had 9 spell levels left.
You didn't know any spells.
Your spell library contained the following spells:

 Spells                   Type           Power        Failure   Level
 Corona                   Hex            0%           63%         1
 Magic Dart               Conj           0%           63%         1
 Shock                    Conj/Air       0%           63%         1
 Ensorcelled Hibernation  Hex/Ice        0%           77%         2
 Searing Ray              Conj           0%           77%         2
 Confusing Touch          Hex            0%           94%         3
 Dazzling Flash           Conj/Hex       0%           94%         3
 Static Discharge         Conj/Air       0%           94%         3
 Tukima's Dance           Hex            0%           94%         3
 Airstrike                Air            0%           100%        4
 Fulminant Prism          Conj/Hex       0%           100%        4
 Iskenderun's Mystic Bla  Conj/Tloc      0%           100%        4
 Lightning Bolt           Conj/Air       0%           100%        5
 Swiftness                Air            Unusable     N/A         2

Dungeon Overview and Level Annotations

Branches:
Dungeon (8/15)             Temple (1/1) D:4          Bailey (visited)
   Lair: D:8-11

Altars:
Ashenzari
Dithmenos
Elyvilon
Fedhas
Gozag
Hepliaklqana
Kikubaaqudgha
Makhleb
Nemelex Xobeh
Ru
Sif Muna
Trog
Uskayaw
Vehumet
Wu Jian
Xom
Yredelemnul
Zin
The Shining One

Shops:
D:4 [

Annotations:
D:7 Pikel


Innate Abilities, Weirdness & Mutations

You cannot be hasted, slowed, berserked, paralysed or teleported.
You can dig through walls and to a lower floor.
Your four strong arms can wield two-handed weapons with a shield.
You have a pair of large antennae on your head. (SInv)


Message History

You closely miss Pikel.
Pikel is almost dead.
Pikel hits you with a +1 whip of electrocution.
You are electrocuted!!
Pikel barely misses you.
You completely miss Pikel.
Pikel is almost dead.
Pikel closely misses you.
Pikel hits you with a +1 whip of electrocution.
You are electrocuted!
* * * LOW HITPOINT WARNING * * *
You barely miss Pikel.
Pikel is almost dead.
Pikel barely misses you.
You feel much better.
Pikel hits you with a +1 whip of electrocution.
You are electrocuted!!
* * * LOW HITPOINT WARNING * * *
Pikel hits you with a +1 whip of electrocution!
You die...
Your body crumbles into a pile of gold.

#..##########...
#...............
##########..#.##.#####.#.
#...........#.##.#####.#.
#.########<............#.
#.# ##.#.##.#######. #.#
#.#.##.# ##.
##.#########.#.##.# #..
#........@K55..##.# #..
#......#####.####.# #..
#.####.# #.####.#### #.#
#.# #.# #......>..# #.#
#.# #.# ######.##.# #.#
#.# #.# #.##.# #.# #.#
#(# ###.##.# #.# #.# #.#
#...##.# #.# #.# #.#
#####.#.##.# #..


You could see Pikel (berserk) and 2 lemures.

Vanquished Creatures
  Grinder (D:3)
  11 orc warriors
  An ice beast (D:7)
  A sky beast (D:6)
  2 ogres
  8 centaurs (Bailey)
  A lemure (D:7)
  3 bullfrogs
  A scorpion (D:4)
  13 wights
  A howler monkey (D:6)
  A vampire bat (D:3)
  A bullfrog zombie (D:5)
  4 hounds
  A bullfrog skeleton (D:6)
  5 orc priests
  8 orc wizards
  Crazy Yiuf (D:4)
  An iguana (D:7)
  Jessica (D:6)
  3 worker ants
  A hound zombie (D:4)
  6 gnolls
  14 adders
  2 shadow imps
  3 white imps
  An ooze (D:2)
  An adder skeleton (D:4)
  An adder zombie (D:6)
  3 worms
  5 dart slugs
  3 fire bats (D:3)
  2 leopard geckos
  49 orcs
  2 spectral bats (D:3)
  A ball python (D:2)
  25 bats
  3 bat skeletons (D:3)
  A bat zombie (D:3)
  4 giant cockroaches
  7 hobgoblins
  18 jackals
  A bat simulacrum (D:3)
  5 frilled lizards
  11 goblins
  A jackal skeleton (D:5)
  7 kobolds
  A quokka skeleton (D:4)
  A quokka zombie (D:5)
  13 rats
261 creatures vanquished.

Vanquished Creatures (others)
  7 plants
7 creatures vanquished.

Grand Total: 268 creatures vanquished

Notes
Turn   | Place    | Note
-------+----------+-------------------------------------------
     0 | D:1      | bnorton916 the Formicid Fighter began the quest for the
                  | Orb.
     0 | D:1      | Reached XP level 1. HP: 18/18 MP: 1/1
   123 | D:1      | Reached XP level 2. HP: 24/24 MP: 2/2
   510 | D:1      | Reached XP level 3. HP: 23/29 MP: 3/3
  1293 | D:2      | Reached XP level 4. HP: 37/37 MP: 4/4
  1793 | D:2      | Reached skill level 4 in Fighting
  2042 | D:2      | Reached XP level 5. HP: 38/42 MP: 5/5
  2083 | D:2      | Found a faded altar of an unknown god.
  2925 | D:3      | Reached XP level 6. HP: 49/49 MP: 6/6
  3127 | D:3      | Reached skill level 5 in Fighting
  3127 | D:3      | Reached skill level 5 in Armour
  3484 | D:4      | Found a bloodstained altar of Trog.
  3510 | D:4      | Reached XP level 7. HP: 47/56 MP: 7/7
  4165 | D:4      | Found a staircase to the Ecumenical Temple.
  4174 | Temple   | Entered the Ecumenical Temple
  4401 | Temple   | Became a worshipper of Gozag Ym Sagoz the Greedy
  4526 | D:4      | Found a burning altar of Makhleb.
  4574 | D:4      | Found Kickatyo's Antique Armour Emporium.
  4863 | D:4      | Reached skill level 6 in Fighting
  4947 | D:4      | Found a runed translucent door.
  4948 | D:4      | Noticed Crazy Yiuf
  4980 | D:4      | Killed Crazy Yiuf
  4981 | D:4      | Reached XP level 8. HP: 54/64 MP: 8/8
  5278 | D:3      | Reached skill level 5 in Axes
  5407 | D:3      | Noticed Grinder
  5651 | D:5      | Entered Level 5 of the Dungeon
  5989 | D:5      | Found a sacrificial altar of Ru.
  6186 | D:5      | Found a basalt altar of Yredelemnul.
  6989 | D:6      | Reached skill level 7 in Fighting
  7375 | D:3      | Killed Grinder
  7376 | D:3      | Reached XP level 9. HP: 70/72 MP: 9/9
  7879 | D:6      | Noticed Jessica
  7887 | D:6      | Found a shimmering blue altar of Sif Muna.
  7897 | D:6      | Killed Jessica
  7898 | D:6      | Reached skill level 8 in Fighting
  8401 | D:7      | Found a flagged portal.
  8629 | Bailey   | Entered a bailey
  9378 | Bailey   | Reached XP level 10. HP: 63/82 MP: 10/10
  9596 | Bailey   | Reached skill level 9 in Fighting
 11617 | D:7      | Reached skill level 5 in Shields
 11753 | D:8      | Noticed Pikel
 11810 | D:7      | Reached skill level 10 in Fighting
 11816 | D:7      | Slain by Pikel

Illustrated notes

Levels and vault maps discovered:
D:1:      minmay_arrival_stair_chambers, layout_basic
D:2:      layout_loops_corners, chequers_ecumenical_altar_lobes,
          grunt_ministairs_8
D:3:      cheibrodos_old_hovel, layout_loops_ring, roderic_batcave,
          goddamned_bats, uniq_grinder
D:4:      minmay_chambers_of_fours, layout_gridville, overflow_temple_1_default,
          minmay_temple_entry_poolview, serial_shops, kennysheep_little_box,
          minivault_14, minmay_crystal_water, trog_three_pillars_becter,
          uniq_crazy_yiuf_cottage
D:5:      minmay_octagon_keep, layout_rooms, nicolae_ru_awakened_eye,
          kennysheep_mini_moat
D:6:      wander_river, layout_rooms, tgw_sif
D:7:      layout_loops_ring, enter_bailey_5
D:8:      layout_cave_pods, okawaru_metal_pillars_1_2,
          gammafunk_temple_overflow_pools, makhleb_altar_promises_db,
          uniq_pikel, uniq_grum
Temple:   eino_temple_scatter_basement

Skill      XL: |  1  2  3  4  5  6  7  8  9 10 |
---------------+-------------------------------+-----
Shields        | 4 5 |  5.2
Armour         | 4 5 6 7 8 9 |  9.6
Fighting       | 4 5 6 7 8 10 | 10.0
Axes           | 3 4 6 7 8 |  8.6

Action                   |  1- 3 |  4- 6 |  7- 9 | 10-12 || total
-------------------------+-------+-------+-------+-------++-------
Melee: War axe           |    94 |   183 |   128 |       ||   405
       Spear             |       |       |   326 |       ||   326
       Battleaxe         |       |       |    71 |    39 ||   110
       Trident           |       |       |    51 |    83 ||   134
Throw: Javelin           |       |       |     2 |    11 ||    13
 Abil: Dig               |     3 |     5 |    31 |     3 ||    42
Evoke: Wand              |       |       |     3 |     3 ||     6
  Use: Scroll            |       |     6 |     7 |       ||    13
       Potion            |       |     1 |       |     1 ||     2
 Stab: Distracted        |       |       |     1 |       ||     1
Armor: Scale mail        |    49 |   133 |   252 |    45 ||   479
       Skin              |       |       |    13 |       ||    13
Dodge: Dodged            |    41 |   124 |   245 |    62 ||   472
Block: Kite shield       |    70 |    29 |       |       ||    99
       Buckler           |       |    40 |   116 |    31 ||   187
